 Dungeon Crawl Stone Soup version 0.26-a0-474-gfaca0e1de5 (webtiles) character file.

Game seed: 15165863905310414354

57 Gargoyl the Skirmisher (level 4, 0/41 HPs)
             Began as a Gnoll Abyssal Knight on July 31, 2020.
             Was a Follower of Lugonu.
             Slain by Sigmund
             ... wielding a +2 vorpal scythe
              (1 damage)
             ... on level 3 of the Dungeon.
             The game lasted 00:03:30 (1964 turns).

Gargoyl the Skirmisher (Gnoll Abyssal Knight)       Turns: 1964, Time: 00:03:30

Health: 0/41       AC: 12    Str: 15    XL:     4   Next: 0%
Magic:  7/7        EV: 12    Int: 14    God:    Lugonu [*.....]
Gold:   164        SH:  0    Dex: 15    Spells: 5/5 levels left

rFire    . . .     SeeInvis .   a - +1 hand axe
rCold    . . .     Faith    .   (no shield)
rNeg     . . .     Spirit   .   g - +0 chain mail
rPois    .         Reflect  .   n - +0 helmet
rElec    .         Harm     .   (no cloak)
rCorr    .                      c - +0 pair of gloves
MR       .....                  (no boots)
Stlth    ..........             (no amulet)
HPRegen  0.13/turn              l - +4 ring of evasion
MPRegen  0.10/turn              (no ring)

@: confused, stab
A: distributed training, fangs 1, strong nose
a: Depart the Abyss, Renounce Religion


You were on level 3 of the Dungeon.
You worshipped Lugonu.
Lugonu was aware of your devotion.
You visited 1 branch of the dungeon, and saw 3 of its levels.
You visited the Abyss 1 time.

You collected 164 gold pieces.

Inventory:

Hand Weapons
 a - a +1 hand axe (weapon)
Missiles
 j - 2 boomerangs (quivered)
Armour
 c - a +0 pair of gloves (worn)
 g - a +0 chain mail (worn)
 n - a +0 helmet (worn)
Jewellery
 l - a +4 ring of evasion (left hand)
Scrolls
 b - a scroll of teleportation
 d - a scroll of identify
Potions
 e - 2 potions of haste
 h - 2 potions of brilliance
 k - 2 potions of degeneration


   Skills:
 + Level 6.5 Fighting
 + Level 1.0 Short Blades
 + Level 1.0 Long Blades
 + Level 4.6 Axes
 + Level 1.0 Maces & Flails
 + Level 1.0 Polearms
 + Level 1.0 Staves
 + Level 1.0 Slings
 + Level 1.0 Bows
 + Level 1.0 Crossbows
 + Level 1.0 Throwing
 + Level 4.6 Armour
 + Level 2.7 Dodging
 + Level 1.0 Stealth
 + Level 1.0 Shields
 + Level 1.0 Unarmed Combat
 + Level 1.0 Spellcasting
 + Level 0.7 Conjurations
 + Level 0.7 Hexes
 + Level 0.7 Summonings
 + Level 0.7 Necromancy
 + Level 0.7 Translocations
 + Level 0.7 Transmutations
 + Level 0.7 Fire Magic
 + Level 0.7 Ice Magic
 + Level 0.7 Air Magic
 + Level 0.7 Earth Magic
 + Level 0.7 Poison Magic
 + Level 4.6 Invocations
 + Level 1.0 Evocations


You had 5 spell levels left.
You didn't know any spells.
Your spell library was empty.

Dungeon Overview and Level Annotations

Branches:
Dungeon (3/15)

Altars:
Cheibriados
Elyvilon

Annotations:
D:3 Sigmund


Innate Abilities, Weirdness & Mutations

Your experience applies equally to all skills.
You have very sharp teeth.
Your uncanny sense of smell can sniff out nearby items.


Message History

You hear some strange, mumbled words.
Something tries to affect you, but you resist.
Something hits you but does no damage.
You miss something. You miss something. Something hits you.
You hit something but do no damage. Your bite misses something.
Something hits you.
Your chain mail prevents you from hitting something.
You slash something! Something hits you.
You miss something. Something hits you!
* * * LOW HITPOINT WARNING * * *
x2 You closely miss something.
Something hits you but does no damage.
You hit something but do no damage. Your bite misses something.
It was a potion of stabbing.
You feel ready to backstab.
You hear some strange, mumbled words.
You are confused.
Something hits you.
* * * LOW HITPOINT WARNING * * *
You die...

###.#### ##
........# .
#.....#.#
#..........
#.#.⌠.⌠.#..
#..........
#.#.....#..
#..@._....#..
#.#.....#....
#.{.........
.
#.#.⌠.⌠.#.##.
#...........
#.#.....#.#
#.........#
#####.#.### ∆
#...#


There were no monsters in sight!

Vanquished Creatures
  An ufetubus (Abyss:1)
  An ooze (D:1)
  2 dart slugs
  A leopard gecko (D:1)
  5 bats
  4 giant cockroaches
  6 goblins
  6 hobgoblins
  4 kobolds
  2 ball pythons (D:2)
  2 frilled lizards (D:1)
  5 rats
39 creatures vanquished.

Notes
Turn   | Place    | Note
-------+----------+-------------------------------------------
     0 | Abyss:1  | Gargoyl the Gnoll Abyssal Knight began the quest for the
                  | Orb.
     0 | Abyss:1  | Reached XP level 1. HP: 23/23 MP: 3/3
    65 | Abyss:1  | Noticed a large abomination
    84 | Abyss:1  | Noticed an orange demon
    87 | Abyss:1  | Noticed a lich
    89 | D:1      | Escaped the Abyss
   364 | D:1      | Reached XP level 2. HP: 29/29 MP: 5/5
   396 | D:1      | Reached * piety under Lugonu
   613 | D:1      | Reached XP level 3. HP: 35/35 MP: 6/6
  1359 | D:2      | Found a snail-covered altar of Cheibriados.
  1424 | D:2      | Reached skill level 1 in Short Blades
  1424 | D:2      | Reached skill level 1 in Long Blades
  1424 | D:2      | Reached skill level 1 in Maces & Flails
  1424 | D:2      | Reached skill level 1 in Polearms
  1424 | D:2      | Reached skill level 1 in Staves
  1424 | D:2      | Reached skill level 1 in Slings
  1424 | D:2      | Reached skill level 1 in Bows
  1424 | D:2      | Reached skill level 1 in Crossbows
  1424 | D:2      | Reached skill level 1 in Throwing
  1424 | D:2      | Reached skill level 1 in Stealth
  1424 | D:2      | Reached skill level 1 in Shields
  1424 | D:2      | Reached skill level 1 in Unarmed Combat
  1424 | D:2      | Reached skill level 1 in Spellcasting
  1424 | D:2      | Reached skill level 1 in Evocations
  1926 | D:3      | Reached XP level 4. HP: 41/41 MP: 7/7
  1929 | D:3      | Found a white marble altar of Elyvilon.
  1933 | D:3      | Noticed Sigmund
  1964 | D:3      | HP: 1/41 [something (4)]
  1964 | D:3      | Slain by Sigmund

Illustrated notes

Levels and vault maps discovered:
D:1:      wheals_arrival_linesprint, layout_loops_ring
D:2:      layout_basic, lemuel_crystal_altar
D:3:      layout_loops_cross, chequers_ecumenical_altar_simple, chequers_garden,
          elyvilon_altar_5, uniq_sigmund, uniq_robin, uniq_crazy_yiuf_cottage

Skill      XL: |  1  2  3 |
---------------+----------+-----
Short Blades   | 1 |  1.0
Long Blades    | 1 |  1.0
Maces & Flails | 1 |  1.0
Polearms       | 1 |  1.0
Staves         | 1 |  1.0
Slings         | 1 |  1.0
Bows           | 1 |  1.0
Crossbows      | 1 |  1.0
Throwing       | 1 |  1.0
Stealth        | 1 |  1.0
Shields        | 1 |  1.0
Unarmed Combat | 1 |  1.0
Spellcasting   | 1 |  1.0
Evocations     | 1 |  1.0
Fighting       | |  6.5
Axes           | |  4.6
Armour         | |  4.6
Dodging        | |  2.7
Conjurations   | |  0.7
Hexes          | |  0.7
Summonings     | |  0.7
Necromancy     | |  0.7
Translocations | |  0.7
Transmutations | |  0.7
Fire Magic     | |  0.7
Ice Magic      | |  0.7
Air Magic      | |  0.7
Earth Magic    | |  0.7
Poison Magic   | |  0.7
Invocations    | |  4.6

Action                   |  1- 3 |  4- 6 || total
-------------------------+-------+-------++-------
Melee: Hand axe          |    52 |    21 ||    73
       Bite              |     5 |     5 ||    10
Throw: Boomerang         |    57 |     4 ||    61
Invok: Depart the Abyss  |     1 |       ||     1
  Use: Scroll            |     9 |       ||     9
       Potion            |       |     2 ||     2
 Stab: Distracted        |     1 |       ||     1
       Sleeping          |     1 |       ||     1
Armor: Leather armour    |    16 |       ||    16
       Chain mail        |     5 |     9 ||    14
       Scale mail        |     2 |       ||     2
Dodge: Dodged            |    45 |       ||    45

Table legend: (Time is in decaauts)
 A = Elapsed time spent in this place.
 B = Non-inter-level travel time spent in this place.
 C = Inter-level travel time spent in this place.
 D = Time resting spent in this place.
 E = Time spent auto-exploring this place.
 F = Levels seen in this place.
 G = Mean time per level.
                   A        B        C        D        E       F      G
               +--------+--------+--------+--------+--------+-----+--------+
         Total |   1984 |   1841 |    143 |      0 |   1443 |   4 |  496.0 |
       Dungeon |   1895 |   1752 |    143 |      0 |   1397 |   3 |  631.7 |
         Abyss |     89 |     89 |      0 |      0 |     46 |   1 |   89.0 |
               +--------+--------+--------+--------+--------+-----+--------+

Top non-repeatable levels by time:
     D:1: 1018 daAuts
     D:2: 769 daAuts
     D:3: 107 daAuts
 Abyss:1: 89 daAuts
